 Dungeon Crawl Stone Soup version 0.30.0-5-g1a98f26d00 (webtiles) character file.

Game seed: 6918065390516689935

95 sampeng1 the Firebug (level 4, -3/30 HPs)
             Began as a Human Fire Elementalist on May 9, 2023.
             Slain by Crazy Yiuf
             ... wielding a +3 quarterstaff of chaos
              (17 damage)
             ... on level 2 of the Dungeon.
             The game lasted 00:13:24 (1926 turns).

sampeng1 the Firebug (Human Fire Elementalist)      Turns: 1926, Time: 00:13:25

Health: -3/30      AC:  2    Str:  8    XL:     4   Next: 95%
Magic:  6/7        EV: 12    Int: 17    God:
Gold:   91         SH:  0    Dex: 14    Spells: 5/8 levels left

rFire   + . .        k - +3 dagger (venom)
rCold   x . .        (no shield)
rNeg    . . .        a - +0 robe
rPois   .            (no helmet)
rElec   .            (no cloak)
rCorr   .            (no gloves)
SInv    .            (no boots)
Will    .....        (no amulet)
Stlth   ++           c - ring of fire
HPRegen 0.25/turn    (no ring)
MPRegen 0.10/turn

%: no passive effects
@: hasted, very quick
A: no striking features
a: no special abilities


You were on level 2 of the Dungeon.
You visited 1 branch of the dungeon, and saw 2 of its levels.

You collected 91 gold pieces.

Inventory:

Hand Weapons
 i - a +0 rapier
 k - a +3 dagger of venom (weapon)
Missiles
 e - 40 stones (quivered)
 g - 3 javelins
Armour
 a - a +0 robe (worn)
 n - a +0 kite shield
Jewellery
 c - a ring of fire (left hand)
Scrolls
 j - a scroll of identify
Potions
 b - a potion of magic
 d - 2 potions of curing
 f - a potion of brilliance {unknown}
 h - a potion of haste {unknown}


   Skills:
 + Level 2.7 Dodging
 + Level 2.8 Stealth
 + Level 2.5 Spellcasting
 + Level 2.0 Conjurations
 + Level 3.5 Fire Magic


You had 5 spell levels left.
You knew the following spells:

 Your Spells              Type           Power      Damage    Failure   Level
a - Foxfire               Conj/Fire      68%        2x1d7     6%          1
b - Scorch                Fire           42%        2d7       6%          2

Your spell library contained the following spells:

 Spells                   Type           Power      Damage    Failure   Level
 Inner Flame              Hex/Fire       12%        N/A       26%         3
 Volatile Blastmotes      Fire/Tloc      24%        2d12      26%         3
 Flame Wave               Conj/Fire      17%        2d7       50%         4


Dungeon Overview and Level Annotations

Branches:
Dungeon (2/15)

Altars:

Annotations:
D:2 Crazy Yiuf


Message History

A kobold comes into view. It is wielding a +0 whip.
The kobold shouts!
Casting: Scorch (safe; 6% risk of failure)
Confirm with . or Enter, or press ? or * to list all spells.
You don't know that spell.
Casting: Scorch (safe; 6% risk of failure)
Confirm with . or Enter, or press ? or * to list all spells.
You feel a surge of power!
You conjure some foxfire!
Your foxfire dissipates!
The foxfire hits the kobold.
You kill the kobold!
e - 40 stones (gained 5)
You see here a +0 whip.
d - 3 potions of curing (gained 1)
You see here a +0 whip.
j - a scroll of identify
Found a hammer.
Found a runed translucent door.
Crazy Yiuf shouts!
You open the door.
Casting: Foxfire (safe; 6% risk of failure)
Confirm with . or Enter, or press ? or * to list all spells.
You feel a surge of power!
You conjure some foxfire!
The foxfire hits Crazy Yiuf.
Crazy Yiuf is lightly wounded.
Your foxfire dissipates!
Crazy Yiuf is nearby!
Crazy Yiuf flaps his cloak.
Crazy Yiuf hits you with a +3 quarterstaff of chaos!
Crazy Yiuf freezes you.
You hit Crazy Yiuf.
Crazy Yiuf is poisoned.
Crazy Yiuf is moderately wounded.
Crazy Yiuf hits you with a +3 quarterstaff of chaos!
* * * LOW HITPOINT WARNING * * *
You feel yourself speed up.
You feel better.
You hit Crazy Yiuf.
Crazy Yiuf looks as sick as possible!
Crazy Yiuf is moderately wounded.
Crazy Yiuf hits you with a +3 quarterstaff of chaos!
Ouch! That really hurt!
You die...

..'.........####
****,,,,>*
..#######...#
*,,,*,* ..####
#...# #####
*,,,*,* .....#
#...# #..)#
*,,,*,* ##...#
#...# #...#
*,,,*,*
#...####.###
*...* *,,,*,*
#...'....# *#'#*
*,,,*,*
#...###### ♣♣g♣
*****,* #...#
♣@♣♣ *,*
###'##### ♣♣.♣
*,* ........#
♣.♣♣ *,*
........###
♣♣.♣♣ *,*
........'.#
♣...♣♣ *,*
........#.#
♣....♣ *,*
........#.#
#....# *,*
........#.#
##..## *,*
........#.#
#...# *,*


You could see Crazy Yiuf (extremely poisoned).

Vanquished Creatures
  3 adders (D:2)
  2 worms (D:2)
  A dart slug (D:1)
  4 ball pythons
  4 bats
  5 endoplasms
  2 giant cockroaches (D:1)
  7 goblins
  3 hobgoblins
  6 jackals (D:2)
  2 quokkas
  A frilled lizard (D:1)
  8 kobolds
  6 rats
54 creatures vanquished.

Vanquished Creatures (others)
  26 foxfires
26 creatures vanquished.

Grand Total: 80 creatures vanquished

Notes
Turn   | Place    | Note
-------+----------+-------------------------------------------
     0 | D:1      | sampeng1 the Human Fire Elementalist began the quest for
                  | the Orb.
     0 | D:1      | Reached XP level 1. HP: 13/13 MP: 3/3
    44 | D:1      | Reached XP level 2. HP: 5/19 MP: 0/5
   392 | D:1      | Reached XP level 3. HP: 22/24 MP: 6/6
  1278 | D:2      | Reached XP level 4. HP: 30/30 MP: 5/7
  1652 | D:2      | Learned a level 2 spell: Scorch
  1915 | D:2      | Found a runed translucent door.
  1916 | D:2      | Noticed Crazy Yiuf
  1926 | D:2      | Slain by Crazy Yiuf

Illustrated notes

Levels and vault maps discovered:
D:1:      roderic_crossed_star, layout_basic, minmay_shallow_snake_nest
D:2:      layout_basic, uniq_crazy_yiuf_cottage

Skill      XL: |  1  2  3  4 |
---------------+-------------+-----
Conjurations   | 2 |  2.0
Dodging        | |  2.7
Stealth        | |  2.8
Spellcasting   | |  2.5
Fire Magic     | |  3.5

Action                     |  1- 3 |  4- 6 || total
---------------------------+-------+-------++-------
  Melee: Dagger            |    25 |    70 ||    95
         Short sword       |    27 |       ||    27
         Punch             |     1 |       ||     1
         Rapier            |    18 |       ||    18
  Throw: Stone             |     2 |       ||     2
   Cast: Foxfire           |    17 |     3 ||    20
         Scorch            |       |     1 ||     1
    Use: Scroll            |       |     4 ||     4
         Potion            |       |     1 ||     1
   Stab: Sleeping          |     3 |       ||     3
         Distracted        |     1 |       ||     1
 Armour: Robe              |    14 |     9 ||    23
  Dodge: Dodged            |    56 |    41 ||    97
